 Dungeon Crawl Stone Soup version 0.25.0-26-g0c896c7088 (webtiles) character file.

Game seed: 9518239732441452786

51 MisterFreud the Skirmisher (level 3, -9/30 HPs)
             Began as a Barachi Arcane Marksman on June 30, 2020.
             Was an Initiate of Cheibriados.
             Mangled by a gnoll
             ... wielding a +0 halberd
              (16 damage)
             ... on level 2 of the Dungeon.
             The game lasted 00:03:00 (1672 turns).

MisterFreud the Skirmisher (BaAM)                   Turns: 1672, Time: 00:03:01

Health: -9/30      AC:  4    Str: 12    XL:     3   Next: 83%
Magic:  4/4        EV: 13    Int: 14    God:    Cheibriados [......]
Gold:   101        SH:  0    Dex: 14    Spells: 3/4 levels left

rFire    . . .     SeeInvis .   a - +0 hunting sling
rCold    . . .     Gourm    .   (no shield)
rNeg     . . .     Faith    .   e - +0 robe
rPois    .         Spirit   .   (no helmet)
rElec    .         Reflect  .   o - scarf {repulsion}
rCorr    .         Harm     .   i - +1 pair of gloves
MR       .....                  (no boots)
Stlth    +.........             (no amulet)
HPRegen  0.10/turn              (no ring)
MPRegen  0.09/turn              (no ring)

@: repel missiles, very slow
A: +LOS, swims, slowness 1, strong legs 1
a: Hop, Bend Time, Renounce Religion


You were on level 2 of the Dungeon.
You worshipped Cheibriados.
Cheibriados was noncommittal.
You were not hungry.

You visited 1 branch of the dungeon, and saw 2 of its levels.

You collected 101 gold pieces.

Inventory:

Hand Weapons
 a - a +0 hunting sling (weapon)
 b - a +0 dagger of venom
 q - a +0 short sword
Missiles
 d - 30 sling bullets
 h - 61 stones (quivered)
Armour
 e - a +0 robe (worn)
 i - a +1 pair of gloves (worn)
 o - a scarf of repulsion (worn)
Jewellery
 g - an uncursed ring of ice
Scrolls
 j - 3 scrolls of identify {unknown}
 k - a scroll of enchant weapon {unknown}
 l - 2 scrolls of teleportation {unknown}
 m - 2 scrolls of enchant armour {unknown}
 r - a scroll of immolation {unknown}
 s - a scroll of magic mapping {unknown}
 t - a scroll of blinking {unknown}
 u - a scroll of remove curse {unknown}
Potions
 c - 3 potions of flight {unknown}
 n - a potion of berserk rage {unknown}
 p - 2 potions of invisibility {unknown}
Comestibles
 f - 7 rations
 v - 4 chunks of flesh


   Skills:
 - Level 4.0 Fighting
 - Level 2.0 Slings
 + Level 2.7 Dodging
 - Level 1.1 Spellcasting
 - Level 3.2 Hexes


You had 3 spell levels left.
You knew the following spells:

 Your Spells              Type           Power        Failure   Level  Hunger
a - Corona                Hex            #......      7%          1    ##.....

Your spell library contained the following spells:

 Spells                   Type           Power        Failure   Level  Hunger
 Slow                     Hex            #.......     11%         2    ###....
 Inner Flame              Hex/Fire       #.......     36%         3    ####...
 Portal Projectile        Hex/Tloc       #.....       36%         3    ####...
 Cause Fear               Hex            #.........   56%         4    #####..
 Leda's Liquefaction      Hex/Erth       #.........   78%         4    #####..


Dungeon Overview and Level Annotations

Branches:
Dungeon (2/15)

Altars:
Cheibriados


Innate Abilities, Weirdness & Mutations

You can be seen from farther away. (+LOS)
You can swim through water.
You cover ground slowly.
You can hop short distances.


Message History

The gnoll hits you from afar with a +0 halberd!
Firing (i - inventory. (/) - cycle)
h - 62 stones (quivered)
Press: ? - help, Shift-Dir - straight line, f/p - gnoll
Aim: a gnoll, wielding a +0 flail (moderately wounded)
You shoot a stone. The stone barely misses the gnoll.
The gnoll hits you with a +0 flail! The gnoll barely misses you.
The gnoll closely misses you.
You see here a rat skeleton.
The gnoll barely misses you. The gnoll closely misses you.
You see here 26 arrows.
The gnoll closely misses you. The gnoll hits you with a +0 flail.
* * * LOW HITPOINT WARNING * * *
The gnoll hits you with a +0 flail.
* * * LOW HITPOINT WARNING * * *
The gnoll hits you but does no damage.
The gnoll hits you from afar with a +0 halberd!
Ouch! That really hurt!
You die...

#.# #.####### #.#
### #........ #.#
#.. ######### #g#
#.# #g# #.# #.# #.#
#.# #.############
#.####g...........#
#.g.gg.@......###.##
#.#####............#
#.#
#.#####.###.<#####
#.# #.# #.# #.......
#.# #.# #.# #....###
#.# #.# #.# ##...#
#.# #.# #.# #.###
#.# #.# #.# #.#####
#. #.# #.# #......


You could see 4 gnolls.

Vanquished Creatures
  An ooze (D:1)
  2 worms (D:2)
  5 dart slugs
  3 bats
  2 giant cockroaches
  2 goblins
  4 hobgoblins (D:1)
  A quokka (D:2)
  4 frilled lizards (D:2)
  4 kobolds
  4 rats
32 creatures vanquished.

Notes
Turn   | Place    | Note
-------+----------+-------------------------------------------
     0 | D:1      | MisterFreud the Barachi Arcane Marksman began the quest for
                  | the Orb.
     0 | D:1      | Reached XP level 1. HP: 15/15 MP: 2/2
    83 | D:1      | Reached skill level 2 in Fighting
   371 | D:1      | Reached XP level 2. HP: 23/23 MP: 3/3
   428 | D:1      | Reached skill level 3 in Fighting
   752 | D:2      | Reached XP level 3. HP: 22/29 MP: 4/4
   855 | D:2      | Found a snail-covered altar of Cheibriados.
   859 | D:2      | Became a worshipper of Cheibriados the Contemplative
  1090 | D:2      | Reached skill level 4 in Fighting
  1672 | D:2      | Mangled by a gnoll

Illustrated notes

Levels and vault maps discovered:
D:1:      dpeg_arrival_rooms_with_view, layout_loops_ring, minmay_tromino_v4_a
D:2:      layout_loops_ring, kennysheep_slug_shrine

Skill      XL: |  1  2  3 |
---------------+----------+-----
Fighting       | 2 3 4 |  4.0
Slings         | |  2.0
Dodging        | |  2.7
Spellcasting   | |  1.1
Hexes          | |  3.2

Action                   || total
-------------------------++-------
 Fire: Hunting sling     ||   135
  Eat: Chunk             ||     3
Armor: Robe              ||    13
Dodge: Dodged            ||    28
